 Dungeon Crawl Stone Soup version 0.30-a0-845-g7c6808c8ce (webtiles) character file.

Game seed: 6464600108256130884

95 cforsyth the Sneak (level 4, -5/28 HPs)
             Began as a Kobold Brigand on Mar 3, 2023.
             Slain by a gnoll
             ... wielding a +0 flail
              (9 damage)
             ... on level 3 of the Dungeon.
             The game lasted 00:02:10 (2168 turns).

cforsyth the Sneak (Kobold Brigand)                 Turns: 2168, Time: 00:02:11

Health: -5/28      AC:  3    Str:  8    XL:     4   Next: 97%
Magic:  4/4        EV: 15    Int: 12    God:
Gold:   155        SH:  0    Dex: 18    Spells: 3/3 levels left

rFire   . . .      SeeInvis .    a - +2 dagger
rCold   . . .      Faith    .    (no shield)
rNeg    . . .      Spirit   .    b - +0 robe
rPois   .          Reflect  .    (no helmet)
rElec   .          Rampage  .    c - +0 cloak
rCorr   .                        (no gloves)
Will    .....                    (no boots)
Stlth   ++++                     (no amulet)
HPRegen 0.24/turn                (no ring)
MPRegen 0.09/turn                (no ring)

@: no status effects
A: small, no large weapons, nightstalker 3
a: no special abilities


You were on level 3 of the Dungeon.
You visited 1 branch of the dungeon, and saw 3 of its levels.

You collected 155 gold pieces.

Inventory:

Hand Weapons
 a - a +2 dagger (weapon)
Missiles
 d - 15 poisoned darts (quivered)
 e - 3 curare-tipped darts
 i - 5 atropa-tipped darts
Armour
 b - a +0 robe (worn)
 c - a +0 cloak (worn)
Wands
 m - a wand of acid (7)
Scrolls
 g - 4 scrolls of identify {unknown}
 j - a scroll of enchant armour {unknown}
 o - a scroll of immolation {unknown}
 p - a scroll of fear {unknown}
Potions
 f - a potion of invisibility {unknown}
 h - a potion of flight {unknown}
 k - 2 potions of curing {unknown}
 l - a potion of might {unknown}
 n - a potion of heal wounds {unknown}
 q - a potion of cancellation {unknown}
 r - a potion of haste {unknown}


   Skills:
 + Level 3.2 Fighting
 + Level 4.0 Short Blades
 - Level 2.1 Throwing
 + Level 2.6 Dodging
 + Level 6.1 Stealth


You had 3 spell levels left.
You didn't know any spells.
Your spell library contained the following spells:

 Spells                   Type           Power      Damage    Failure   Level
 Blink                    Tloc           0%         N/A       45%         2
 Lesser Beckoning         Tloc           0%         N/A       45%         2
 Momentum Strike          Conj/Tloc      0%         3d8       45%         2
 Ozocubu's Armour         Ice            0%         N/A       69%         3
 Ozocubu's Refrigeration  Ice            0%         4d7       100%        7


Dungeon Overview and Level Annotations

Branches:
Dungeon (3/15)

Altars:


Innate Abilities, Weirdness & Mutations

You are small and have problems with some larger weapons.
You are completely attuned to the shadows.


Message History

Your Short Blades skill increases to level 4!
Found a glowing dagger.
The ball python bites you but does no damage.
The ball python barely misses you.
A kobold comes into view. It is wielding a +0 whip.
The kobold misses you. The ball python bites you.
The ball python closely misses you.
The gnoll shouts!
You hit the gnoll.
The gnoll is lightly wounded.
The gnoll closely misses you. The gnoll barely misses you.
The kobold closely misses you. The ball python closely misses you.
The ball python grabs you. The ball python constricts you.
You completely miss the ball python. The ball python closely misses you.
The ball python constricts you. The gnoll hits you with a +0 whip!
The gnoll misses you. The kobold hits you with a +0 dagger.
You hit the ball python.
You kill the ball python!
You hit the gnoll.
The gnoll is moderately wounded.
The gnoll hits you with a +0 whip. The kobold misses you.
The gnoll closely misses you.
You closely miss the gnoll.
The gnoll is moderately wounded.
The gnoll completely misses you. The gnoll hits you with a +0 whip!
* * * LOW HITPOINT WARNING * * *
The kobold hits you but does no damage. The gnoll misses you.
The kobold closely misses you.
You are too injured to fight recklessly!
You are too injured to fight recklessly!
The gnoll attacks as you move away! The gnoll hits you with a +0 flail.
* * * LOW HITPOINT WARNING * * *
The gnoll misses you. The gnoll attacks as you move away!
The gnoll barely misses you. The kobold closely misses you.
The kobold attacks as you move away! The kobold closely misses you.
The gnoll attacks as you move away! The gnoll barely misses you.
There is a stone staircase leading up here.
The gnoll hits you with a +0 flail!
You die...

......... ........####
........#..
.)...)..#.############
........#.#)......<..#
......gK.Kg..........#
........###g.........#
........# #.@........#
........# #..........#
#### #..........#
#..........#
#..........#
#....>.....#
############


You could see 2 gnolls and a kobold.

Vanquished Creatures
  4 gnolls
  An adder (D:2)
  5 endoplasms
  5 giant cockroaches
  3 goblins
  4 hobgoblins
  2 jackals (D:2)
  4 quokkas
  4 ball pythons
  A bat (D:1)
  2 frilled lizards
  6 kobolds
  5 rats (D:2)
46 creatures vanquished.

Notes
Turn   | Place    | Note
-------+----------+-------------------------------------------
     0 | D:1      | cforsyth the Kobold Brigand began the quest for the Orb.
     0 | D:1      | Reached XP level 1. HP: 12/12 MP: 1/1
   323 | D:1      | Reached XP level 2. HP: 18/18 MP: 2/2
   968 | D:2      | Reached XP level 3. HP: 22/22 MP: 3/3
  1341 | D:2      | Reached XP level 4. HP: 27/27 MP: 4/4
  1364 | D:2      | Reached skill level 6 in Stealth
  1889 | D:2      | Found a faded altar of an unknown god.
  2168 | D:3      | Slain by a gnoll

Illustrated notes

Levels and vault maps discovered:
D:1:      dpeg_arrival_solitude, layout_loops_ring, dreamdust_wishing_well
D:2:      layout_rooms, dilly_ecumenical_altar_fadedgnrine,
          minmay_quadrilaterals
D:3:      layout_rooms, makhleb_altar_promises_db,
          mainiacjoe_overflow_six_doors_small

Skill      XL: |  1  2  3  4 |
---------------+-------------+-----
Short Blades   | 3 4 |  4.0
Dodging        | 2 |  2.6
Fighting       | 3 |  3.2
Stealth        | 6 |  6.1
Throwing       | |  2.1

Action                     |  1- 3 |  4- 6 || total
---------------------------+-------+-------++-------
  Melee: Dagger            |    82 |    33 ||   115
   Stab: Sleeping          |    16 |     7 ||    23
         Distracted        |     1 |       ||     1
 Armour: Robe              |     8 |     7 ||    15
  Dodge: Dodged            |    49 |    35 ||    84

Table legend: (Time is in decaauts)
 A = Elapsed time spent in this place.
 B = Non-inter-level travel time spent in this place.
 C = Inter-level travel time spent in this place.
 D = Time resting spent in this place.
 E = Time spent auto-exploring this place.
 F = Levels seen in this place.
 G = Mean time per level.
                   A        B        C        D        E       F      G
               +--------+--------+--------+--------+--------+-----+--------+
         Total |   2148 |   2100 |     48 |    418 |   1380 |   3 |  716.0 |
       Dungeon |   2148 |   2100 |     48 |    418 |   1380 |   3 |  716.0 |
               +--------+--------+--------+--------+--------+-----+--------+

Top non-repeatable levels by time:
     D:2: 1167 daAuts
     D:1: 936 daAuts
     D:3: 45 daAuts
